 Seeded DCSS version 0.31-a0-210-gccc998df9b (webtiles) character file.

Game seed: 8113056780134302019 (custom seed)

3016 innerfire43 the Fighter (level 9, -10/75 HPs)
             Began as a Demonspawn Monk on June 29, 2023.
             Was a Believer of Nemelex Xobeh.
             Mangled by a boulder beetle (16 damage)
             ... on level 8 of the Dungeon.
             The game lasted 00:09:49 (5743 turns).

innerfire43 the Fighter (Demonspawn Monk)           Turns: 5743, Time: 00:09:50

Health: -10/75     AC: 21    Str: 16    XL:     9   Next: 55%
Magic:  9/9        EV:  5    Int: 14    God:    Nemelex Xobeh [**....]
Gold:   335        SH: 11    Dex: 15    Spells: 8/8 levels left

rFire   + . .        p - +1 war axe
rCold   . . .        m - +0 tower shield
rNeg    . . .        s - +0 chain mail
rPois   .            j - +0 helmet
rElec   .            v - +0 cloak
rCorr   .            (no gloves)
SInv    .            y - +0 pair of boots
Will    .....        f - amulet "Baegomom" {Regen+ Int+2} Stlth
                     D - ring of the Tortoise {AC+8}
HPRegen 1.12/turn    n - ring of protection from fire
MPRegen 0.11/turn

%: no passive effects
@: no status effects
A: thin metallic scales 1, demonic guardian 1, powered by death 1, demonic touch
2
a: Renounce Religion, Draw Escape, Draw Destruction, Draw Summoning


You were on level 8 of the Dungeon.
You worshipped Nemelex Xobeh.
Nemelex Xobeh was pleased with you.
You visited 2 branches of the dungeon, and saw 9 of its levels.

You collected 335 gold pieces.

Inventory:

Hand Weapons
 a - a +0 hand axe
 p - a +1 war axe (weapon)
 r - a +4 halberd
 E - a +2 short sword of freezing
 J - a +3 falchion
Armour
 b - a +0 robe
 d - an orb of light
 j - a +0 helmet (worn)
 m - a +0 tower shield (worn)
 s - a +0 chain mail (worn)
 v - a +0 cloak (worn)
 w - an orb of wrath
 y - a +0 pair of boots (worn)
 C - a +1 robe of willpower
Jewellery
 e - a ring of see invisible
 f - the amulet "Baegomom" (around neck) {Regen+ Int+2}
   (You acquired it on level 4 of the Dungeon)

   [amulet of regeneration]

   Int:       It affects your intelligence (+2).
   Regen:     It increases your rate of health regeneration.
 n - a ring of protection from fire (right hand)
 o - a ring of ice
 D - the ring of the Tortoise (left hand) {AC+8}
   (You acquired it on level 4 of the Dungeon)

   [ring of protection]

   AC:        It affects your AC (+8).
 G - a ring of positive energy
 L - a +6 ring of intelligence
Wands
 t - a wand of polymorph (2)
 A - a wand of roots (8)
Scrolls
 g - 2 scrolls of vulnerability
 i - a scroll of blinking
 k - 2 scrolls of fog
 l - 5 scrolls of teleportation
 I - a scroll of fear
 K - 2 scrolls of revelation
 N - a scroll of amnesia
Potions
 c - a potion of ambrosia
 h - a potion of degeneration {unknown}
 q - 3 potions of heal wounds
 u - a potion of attraction {unknown}
 x - 3 potions of resistance {unknown}
 z - a potion of enlightenment {unknown}
 B - 2 potions of haste {unknown}
 F - a potion of curing {unknown}
 H - 2 potions of lignification {unknown}
 M - 2 potions of mutation {unknown}


   Skills:
 * Level 8.8 Fighting
 + Level 7.4 Axes
 + Level 7.4 Dodging


You had 8 spell levels left.
You didn't know any spells.
Your spell library contained the following spells:

 Spells                   Type           Power      Damage    Failure   Level
 Slow                     Hex            0%         N/A       100%        1
 Ensorcelled Hibernation  Hex/Ice        0%         N/A       100%        2
 Poisonous Vapours        Pois/Air       0%         N/A       100%        2
 Confusing Touch          Hex            0%         N/A       100%        3
 Mephitic Cloud           Conj/Pois/Air  0%         N/A       100%        3
 Spider Form              Tmut/Pois      0%         N/A       100%        3
 Vampiric Draining        Necr           0%         2d6       100%        3
 Anguish                  Hex/Necr       0%         N/A       100%        4
 Animate Dead             Necr           0%         N/A       100%        4
 Borgnjor's Vile Clutch   Necr/Erth      0%         N/A       100%        5
 Freezing Cloud           Conj/Ice/Air   0%         6-21      100%        5
 Death Channel            Necr           0%         N/A       100%        6


Dungeon Overview and Level Annotations

Branches:
Dungeon (8/15)             Temple (1/1) D:6
   Lair: D:8-11

Altars:
Ashenzari
Gozag
Hepliaklqana
Kikubaaqudgha
Makhleb
Nemelex Xobeh
Okawaru
Qazlal
Ru
Trog
Uskayaw
Vehumet
Wu Jian
Xom
Yredelemnul

Shops:
D:1 ?

Portals:
Bailey: D:7


Innate Abilities, Weirdness & Mutations

You are partially covered in thin metallic scales. (AC +2)
A weak demonic guardian rushes to your aid.
You regenerate a little health from kills.
Your touch may inflict irresistible damage on your foes.


Message History

The boulder beetle curls into a ball and begins rolling!
Found a viscous cyan potion.
Found a spear.
You block the boulder beetle's attack.
The boulder beetle stops rolling and uncurls.
You hit the boulder beetle but do no damage.
The boulder beetle is moderately wounded.
The boulder beetle bites you!
You barely miss the boulder beetle.
The boulder beetle is moderately wounded.
The boulder beetle leaps!
You hit the boulder beetle but do no damage.
The boulder beetle is moderately wounded.
The boulder beetle leaps!
The boulder beetle curls into a ball and begins rolling!
The boulder beetle hits you!!
The boulder beetle stops rolling and uncurls.
You hit the boulder beetle but do no damage.
The boulder beetle is moderately wounded.
You block the boulder beetle's attack.
You hit the boulder beetle but do no damage.
The boulder beetle is moderately wounded.
The boulder beetle bites you!
* * * LOW HITPOINT WARNING * * *
A sleepcap comes into view.
The boulder beetle bites you but does no damage.
You hit the boulder beetle but do no damage.
The boulder beetle is moderately wounded.
The boulder beetle bites you!
* * * LOW HITPOINT WARNING * * *
A demonic guardian appears!
You hit the boulder beetle.
The boulder beetle is moderately wounded.
Your ufetubus hits the boulder beetle but does no damage. x2
You block the boulder beetle's attack.
Your ufetubus barely misses the boulder beetle.
Your ufetubus hits the boulder beetle but does no damage.
The boulder beetle bites you!
You die...
Your body disappears without a glow.

#. #.# #.# #.# ## #.#
...#####.#########
......##.........#####
$..##.#...###...@Bf..#
..###..°○..##.##5###.#
..○°°.........##.#
.####.##..######.#
#.##..<......#
#.##.######### ..##+#
.### #.


You could see a boulder beetle (ally target), a sleepcap and a friendly ufetubus
(summoned).

Vanquished Creatures
  Grinder (D:3)
  Sigmund (D:6)
  A wyvern (D:7)
  A water moccasin (D:5)
  2 black bears
  3 ice beasts
  2 sky beasts
  2 ogres (D:5)
  A gnoll sergeant (D:6)
  13 wights
  3 howler monkeys
  2 hounds
  A gnoll bouda (D:7)
  2 jellies
  7 iguanas
  13 gnolls
  10 adders
  A shadow imp (D:7)
  A white imp (D:6)
  3 worms
  4 dart slugs
  8 orcs
  9 ball pythons
  10 bats
  6 endoplasms
  5 giant cockroaches
  11 goblins
  A hobgoblin (D:3)
  6 kobolds
  2 quokkas
  A frilled lizard (D:3)
  3 rats
136 creatures vanquished.

Vanquished Creatures (collateral kills)
  A scorpion (D:6)
  An iguana (D:5)
2 creatures vanquished.

Grand Total: 138 creatures vanquished

Notes
Turn   | Place    | Note
-------+----------+-------------------------------------------
     0 | D:1      | innerfire43 the Demonspawn Monk began the quest for the
                  | Orb.
     0 | D:1      | Reached XP level 1. HP: 18/18 MP: 1/1
    68 | D:1      | Found Ponycs's Magic Scroll Shop.
   114 | D:1      | Gained mutation: Your touch may inflict minor irresistible
                  | damage on your foes. [demonic ancestry]
   114 | D:1      | Reached XP level 2. HP: 14/24 MP: 2/2
   233 | D:1      | You fall into a shaft and drop 1 floor!
   622 | D:1      | Reached XP level 3. HP: 29/29 MP: 3/3
   997 | D:2      | Gained mutation: You are partially covered in thin metallic
                  | scales. (AC +2) [demonic ancestry]
   997 | D:2      | Reached XP level 4. HP: 17/37 MP: 4/4
  1610 | D:3      | Reached skill level 4 in Fighting
  1768 | D:3      | Noticed Grinder
  1777 | D:3      | Paralysed by Grinder for 4 turns
  1784 | D:3      | Paralysed by Grinder for 5 turns
  1791 | D:3      | Killed Grinder
  1792 | D:3      | Gained mutation: Your touch may inflict irresistible damage
                  | on your foes. [demonic ancestry]
  1792 | D:3      | Reached XP level 5. HP: 4/43 MP: 5/5
  1792 | D:3      | Reached XP level 6. HP: 5/49 MP: 6/6
  2613 | D:4      | Found an ancient bone altar of Kikubaaqudgha.
  2984 | D:4      | Reached skill level 5 in Fighting
  3281 | D:4      | Identified 2 scrolls of acquirement
  3281 | D:4      | Acquired the amulet "Baegomom" {Regen+ Int+2}
  3282 | D:4      | Acquired the ring of the Tortoise {AC+8}
  3282 | D:4      | Found the ring of the Tortoise {AC+8}
  3297 | D:5      | Entered Level 5 of the Dungeon
  3334 | D:5      | Noticed a water moccasin
  3344 | D:5      | Killed a water moccasin
  3345 | D:5      | Gained mutation: A weak demonic guardian rushes to your
                  | aid. [demonic ancestry]
  3345 | D:5      | Reached XP level 7. HP: 19/56 MP: 7/7
  3497 | D:5      | Reached skill level 5 in Axes
  3497 | D:5      | Reached skill level 5 in Dodging
  3602 | D:5      | Reached skill level 6 in Fighting
  3650 | D:5      | Gained mutation: You regenerate a little health from kills.
                  | [demonic ancestry]
  3650 | D:5      | Reached XP level 8. HP: 55/64 MP: 8/8
  3663 | D:5      | Found a hazy altar of Hepliaklqana.
  3997 | D:6      | Noticed Sigmund
  4019 | D:6      | Killed Sigmund
  4034 | D:6      | Reached skill level 7 in Fighting
  4177 | D:6      | Found a staircase to the Ecumenical Temple.
  4189 | D:6      | Reached XP level 9. HP: 47/72 MP: 9/9
  4239 | Temple   | Entered the Ecumenical Temple
  4481 | Temple   | Became a worshipper of Nemelex Xobeh the Trickster
  4481 | Temple   | Reached * piety under Nemelex Xobeh
  4481 | Temple   | Received a gift from Nemelex Xobeh
  4481 | Temple   | Reached ** piety under Nemelex Xobeh
  4537 | D:6      | Found a radiant altar of Vehumet.
  5005 | D:7      | Found a flagged portal.
  5034 | D:7      | Reached skill level 8 in Fighting
  5277 | D:7      | Received a gift from Nemelex Xobeh
  5347 | D:7      | Found a broken altar of Ashenzari.
  5548 | D:7      | Found an ornate altar of the Wu Jian Council.
  5673 | D:8      | Noticed a boulder beetle
  5743 | D:8      | Mangled by a boulder beetle

Illustrated notes

Levels and vault maps discovered:
D:1:      roderic_crossed_star, layout_rooms, serial_shops, nicolae_diamond_shop
D:2:      layout_loops_cross
D:3:      layout_basic, uniq_grinder
D:4:      layout_basic, zin_academy, kennysheep_mini
D:5:      layout_basic, kennysheep_mini_moat, grunt_decor_one_mirror,
          kennysheep_generic_room_9
D:6:      layout_loops_ring, vehumet_crystals, minmay_temple_entry_stoned_glass,
          uniq_sigmund
D:7:      layout_rooms, evilmike_ruin_ashenzari, lemuel_coloured_pillars_altar,
          enter_bailey_5
D:8:      layout_loops_corners, water_boxes_lemuel, uniq_pikel, uniq_grum
Temple:   bh_familiar_temple

Skill      XL: |  1  2  3  4  5  6  7  8  9 |
---------------+----------------------------+-----
Axes           | 3 4 5 6 7 |  7.4
Dodging        | 3 4 5 6 7 |  7.4
Fighting       | 4 5 6 7 8 |  8.8

Action                     |  1- 3 |  4- 6 |  7- 9 || total
---------------------------+-------+-------+-------++-------
  Melee: Hand axe          |    95 |     3 |       ||    98
         War axe           |       |   104 |   307 ||   411
    Use: Potion            |       |     2 |       ||     2
         Scroll            |       |     3 |     9 ||    12
   Stab: Distracted        |       |       |     1 ||     1
 Armour: Robe              |    26 |    27 |       ||    53
         Chain mail        |       |    19 |   238 ||   257
  Dodge: Dodged            |    87 |    83 |   179 ||   349
  Block: Tower shield      |       |       |    23 ||    23

Table legend: (Time is in decaauts)
 A = Elapsed time spent in this place.
 B = Non-inter-level travel time spent in this place.
 C = Inter-level travel time spent in this place.
 D = Time resting spent in this place.
 E = Time spent auto-exploring this place.
 F = Levels seen in this place.
 G = Mean time per level.
                   A        B        C        D        E       F      G
               +--------+--------+--------+--------+--------+-----+--------+
         Total |   5862 |   5471 |    391 |      0 |   4056 |   9 |  651.3 |
       Dungeon |   5580 |   5275 |    305 |      0 |   3920 |   8 |  697.5 |
        Temple |    281 |    195 |     86 |      0 |    136 |   1 |  281.0 |
               +--------+--------+--------+--------+--------+-----+--------+

Top non-repeatable levels by time:
     D:4: 1083 daAuts
     D:2: 913 daAuts
     D:6: 806 daAuts
     D:7: 682 daAuts
     D:3: 675 daAuts
     D:5: 666 daAuts
     D:1: 661 daAuts
  Temple: 281 daAuts
     D:8: 91 daAuts
